 Dungeon Crawl Stone Soup version 0.30-a0-1112-gfb780f5df6 (webtiles) character file.

Game seed: 10468059465056350535

25 demibob the Twirler (level 2, 0/21 HPs)
             Began as a Demonspawn Wanderer on Apr 19, 2023.
             Succumbed to an adder's poison
             ... on level 2 of the Dungeon.
             The game lasted 00:01:01 (1007 turns).

demibob the Twirler (Demonspawn Wanderer)           Turns: 1007, Time: 00:01:01

Health: 0/21       AC:  6    Str: 12    XL:     2   Next: 82%
Magic:  3/3        EV:  8    Int: 14    God:
Gold:   19         SH:  0    Dex: 11    Spells: 2/3 levels left

rFire   . . .      SeeInvis .    a - +2 quarterstaff
rCold   . . .      Faith    .    (shield currently unavailable)
rNeg    . . .      Spirit   .    b - +0 scale mail
rPois   .          Reflect  .    (no helmet)
rElec   .          Rampage  .    (no cloak)
rCorr   .                        (no gloves)
Will    .....                    (no boots) Stlth
                                 (no amulet)
HPRegen 0.23/turn                (no ring)
MPRegen 0.08/turn                (no ring)

@: lethally poisoned (0 -> -1)
A: demonic guardian 1
a: no special abilities


You were on level 2 of the Dungeon.
You visited 1 branch of the dungeon, and saw 2 of its levels.

You collected 19 gold pieces.


Innate Abilities, Weirdness & Mutations

A weak demonic guardian rushes to your aid.


   Skills:
 - Level 1.0 Fighting
 + Level 3.1 Staves
 - Level 1.0 Throwing
 - Level 1.7 Armour
 - Level 1.0 Spellcasting
 - Level 2.1 Necromancy
 - Level 1.2 Invocations


You had 2 spell levels left.
You knew the following spells:

 Your Spells              Type           Power      Damage    Failure   Level
X - Necrotise             Necr           24%        1d5       50%         1

Your spell library contained the following spells:

 Spells                   Type           Power      Damage    Failure   Level
 Ensorcelled Hibernation  Hex/Ice        0%         N/A       90%         2
 Momentum Strike          Conj/Tloc      0%         3d8       90%         2
 Passwall                 Tmut/Erth      0%         N/A       90%         2
 Vampiric Draining        Necr           6%         2d6       86%         3
 Swiftness                Air            0%         N/A       99%         3
 Disjunction              Tloc           0%         N/A       100%        8

Inventory:

Hand Weapons
 a - a +2 quarterstaff (weapon)
Armour
 b - a +0 scale mail (worn)
 e - a +0 pair of gloves
Scrolls
 d - a scroll of identify {@r1}
Potions
 c - 2 potions of brilliance
 g - a potion of cancellation

Dungeon Overview and Level Annotations

Branches:
Dungeon (2/15)

Altars:

#............
#......$.....
##+#............
........########
........#
........#########
........g........
##.#####.########
.. #@# ########5#
#....<#.#
#.#####.#
#.......#
#########


You could see a goblin and a friendly shadow imp (summoned).


Message History

* * * LOW HITPOINT WARNING * * *
You are more poisoned.
The adder poisons you! The goblin closely misses you.
You are too injured to fight recklessly!
Unknown command.
You are too injured to fight recklessly!
Unknown command.
Okay, then.
There is nothing to cancel.
Unknown command.
Okay, then.
The adder attacks as you move away! The adder bites you but does no damage.
* * * LOW HITPOINT WARNING * * *
You feel sick. The adder barely misses you.
* * * LOW HITPOINT WARNING * * *
You feel sick.
You feel sick.
You feel sick. The adder barely misses you.
You feel sick. The adder attacks as you move away!
The adder closely misses you.
You feel sick.
You see here a dart slug corpse.
You sock the adder!
The adder is almost dead.
You feel sick. The adder barely misses you. The adder bites you.
* * * LOW HITPOINT WARNING * * *
A demonic guardian appears!
You hit the adder.
You kill the adder!
You die...

Skill      XL: |  1  2 |
---------------+-------+-----
Staves         | 2 3 |  3.1
Fighting       | |  1.0
Throwing       | |  1.0
Armour         | |  1.7
Spellcasting   | |  1.0
Necromancy     | |  2.1
Invocations    | |  1.2

Action                     || total
---------------------------++-------
  Melee: Quarterstaff      ||    73
    Use: Scroll            ||     2
 Armour: Scale mail        ||    40
  Dodge: Dodged            ||    49

Levels and vault maps discovered:
D:1:      matt_arrival_diagonals, layout_basic, ebering_ecumenical_altar_box
D:2:      layout_basic

Notes
Turn   | Place    | Note
-------+----------+-------------------------------------------
     0 | D:1      | demibob the Demonspawn Wanderer began the quest for the
                  | Orb.
     0 | D:1      | demibob set off with the following items: a +2
                  | quarterstaff, a +0 scale mail, a potion of brilliance; and
                  | the following spell memorised: Necrotise; and the following
                  | spells available to memorise: Vampiric Draining.
     0 | D:1      | Reached XP level 1. HP: 15/15 MP: 2/2
    90 | D:1      | Reached skill level 2 in Staves
   212 | D:1      | Gained mutation: A weak demonic guardian rushes to your
                  | aid. [demonic ancestry]
   212 | D:1      | Reached XP level 2. HP: 21/21 MP: 3/3
   348 | D:1      | Got the Directory of Distance
   395 | D:1      | Found a faded altar of an unknown god.
   574 | D:1      | Reached skill level 3 in Staves
  1006 | D:2      | HP: 1/21 [adder (2)]
  1007 | D:2      | Succumbed to an adder's poison

Vanquished Creatures
  An adder (D:2)
  A dart slug (D:2)
  A bat (D:1)
  An endoplasm (D:1)
  2 giant cockroaches (D:1)
  2 hobgoblins (D:1)
  4 jackals (D:1)
  A kobold (D:1)
  A quokka (D:1)
  3 frilled lizards (D:1)
  3 rats (D:1)
20 creatures vanquished.

Vanquished Creatures (collateral kills)
  An endoplasm (D:1)
1 creature vanquished.

Grand Total: 21 creatures vanquished

Table legend: (Time is in decaauts)
 A = Elapsed time spent in this place.
 B = Non-inter-level travel time spent in this place.
 C = Inter-level travel time spent in this place.
 D = Time resting spent in this place.
 E = Time spent auto-exploring this place.
 F = Levels seen in this place.
 G = Mean time per level.
                   A        B        C        D        E       F      G
               +--------+--------+--------+--------+--------+-----+--------+
         Total |   1019 |    993 |     26 |      0 |    831 |   2 |  509.5 |
       Dungeon |   1019 |    993 |     26 |      0 |    831 |   2 |  509.5 |
               +--------+--------+--------+--------+--------+-----+--------+

Top non-repeatable levels by time:
     D:1: 968 daAuts
     D:2: 50 daAuts

Table legend:
 A = Non-vault XP
 B = Vault XP
 C = Vault XP percentage of total XP
 D = Non-vault monster count
 E = Vault monster count
 F = Vault count percentage of total count
                 A         B        C        D         E       F
            +---------+---------+-------+---------+---------+-------
      Total |      50 |       0 |   0.0 |      21 |       0 |   0.0
            +---------+---------+-------+---------+---------+-------
        D:1 |      32 |       0 |   0.0 |      19 |       0 |   0.0
        D:2 |      18 |       0 |   0.0 |       2 |       0 |   0.0
            +---------+---------+-------+---------+---------+-------
